Map: Para Site LE

Players

miguegr

  • Race: Protoss Protoss
  • League: Gold
  • Spawn Location: 5:00

Yocto - Winner!

  • Race: Zerg Zerg
  • Spawn Location: 11:00

VOD

Have the link to the VOD?

Description

Time

  • Played on: Dec. 13, 2018, 9:14 a.m.
  • Length: 7:09
Show
View Real Time Build Order
Export as new Build Order

miguegr Protoss 

Build Orders:  

Get SALT Encoding   

  12  0:01  Probe  
  13  0:13  Probe  
  14  0:19  Pylon  
  14  0:25  Probe  
  15  0:37  Probe  
  15  0:40  Gateway  
  16  0:44  Assimilator  
  16  0:51  Probe  
  17  1:03  Probe  
  18  1:11  Gateway  
  18  1:15  Probe  
  19  1:27  Probe  
  20  1:39  Probe, Assimilator  
  21  1:51  Zealot  
  23  2:01  Pylon  
  23  2:04  Cybernetics Core  
  23  2:19  Gateway, Warp Gate, Probe  
  24  2:24  Pylon  
  24  2:31  Probe  
  24  2:33  Zealot  
  24  2:34  Zealot  
  29  2:57  Gateway  
  29  3:00  Stalker  
  29  3:01  Stalker  
  29  3:03  Gateway  
  33  3:10  Robotics Facility  
  33  3:18  Pylon  
  33  3:33  Stalker x2  
  37  3:48  Stalker  
  39  3:49  Stalker  
  39  3:53  Immortal  
  45  4:22  Stalker  
  47  4:27  Pylon  
  47  4:30  Pylon  
  47  4:48  Stalker x2  
  47  4:52  Stalker  
  53  5:02  Stalker  
  55  5:23  Immortal  
  55  5:26  Pylon  
  59  5:29  Stalker  
  37  6:03  Stalker x2  
  37  6:04  Stalker x2  
  37  6:23  Stalker  
  37  6:25  Immortal  
Show
View Real Time Build Order
Export as new Build Order

Yocto Zerg - Winner!

Build Orders: Hatch First 

Get SALT Encoding   

  12  0:01  Drone  
  13  0:13  Overlord  
  13  0:18  Drone  
  14  0:33  Drone x2  
  16  0:36  Drone  
  17  1:02  Hatchery  
  17  1:03  Drone x2  
  18  1:06  Extractor  
  17  1:24  Spawning Pool  
  16  1:27  Drone  
  17  1:33  Drone  
  17  1:34  Drone  
  19  1:49  Overlord  
  19  1:59  Drone  
  20  2:14  Queen  
  22  2:16  Zergling x4  
  24  2:26  Queen  
  24  2:27  Metabolic Boost  
  26  2:30  Drone  
  26  2:31  Drone x2  
  29  2:41  Overlord  
  29  2:49  Drone x3  
  32  2:56  Queen  
  34  3:01  Drone x2  
  36  3:13  Queen  
  36  3:19  Extractor  
  37  3:22  Roach Warren  
  37  3:25  Drone x3  
  39  3:29  Overlord  
  39  3:44  Spore Crawler  
  38  3:49  Spore Crawler  
  38  3:54  Spine Crawler  
  38  3:55  Drone  
  36  4:17  Roach x3  
  36  4:18  Roach x4  
  50  4:24  Overlord x2  
  50  4:25  Overlord  
  50  4:40  Overlord  
  50  4:52  Roach x6  
  62  5:01  Zergling x2  
  62  5:02  Zergling x4  
  65  5:16  Zergling x8  
  65  5:17  Zergling x2  
  70  5:27  Roach x2  
  74  5:38  Overlord  
  74  5:40  Roach x4  
  74  5:56  Roach x3  
  74  5:57  Roach  
  75  6:01  Zergling x6  
  74  6:12  Lair  
  74  6:39  Ravager x5  
  81  6:40  Ravager x2  
  81  6:43  Zergling x20  
Tags
 
League
Gold
Matchup
PvZ
Replay Pack
Yocto
Spawn Locations
Cross Positions
Add a new tag
Caveats
  • Supply blocks, unpowered buildings, or Contaminate may cause inaccurate times.
  • Supply counts are checked every 10 seconds.